 Dungeon Crawl Stone Soup version 0.29-a0-323-g050149af67 (webtiles) character file.

Game seed: 479727808344233509

4 Dauddaud the Chopper (level 1, 0/18 HPs)
             Began as a Hill Orc Gladiator on Apr 10, 2022.
             Slain by a gnoll
             ... wielding a +0 flail of protection
              (9 damage)
             ... on level 1 of the Dungeon.
             The game lasted 00:01:40 (228 turns).

Dauddaud the Chopper (Hill Orc Gladiator)            Turns: 228, Time: 00:01:41

Health: 0/18       AC:  4    Str: 16    XL:     1   Next: 70%
Magic:  1/1        EV: 12    Int:  8    God:
Gold:   0          SH:  0    Dex: 12    Spells: 0/0 levels left

rFire   . . .      SeeInvis .   a - +0 war axe
rCold   . . .      Faith    .   (no shield)
rNeg    . . .      Spirit   .   b - +0 leather armour
rPois   .          Reflect  .   c - +0 helmet
rElec   .          Harm     .   (no cloak)
rCorr   .          Rampage  .   (no gloves)
Will    .....                   (no boots)
Stlth   +.........              (no amulet)
HPRegen 0.06/turn               (no ring)
MPRegen 0.07/turn               (no ring)

@: no status effects
A: no striking features
a: no special abilities


You were on level 1 of the Dungeon.
You visited 1 branch of the dungeon, and saw 1 of its levels.

Inventory:

Hand Weapons
 a - a +0 war axe (weapon)
Missiles
 d - 3 throwing nets (quivered)
 e - a javelin
Armour
 b - a +0 leather armour (worn)
 c - a +0 helmet (worn)
Potions
 f - a potion of heal wounds {unknown}


   Skills:
 + Level 2.4 Fighting
 + Level 4.2 Axes
 + Level 1.8 Throwing
 + Level 2.5 Dodging


You couldn't memorise any spells.
You didn't know any spells.
Your spell library was empty.

Dungeon Overview and Level Annotations

Branches:
Dungeon (1/15)

Altars:


Message History

Found a sedimented yellow potion.
The goblin shouts!
You barely miss the goblin. The goblin misses you.
You slash the goblin!
You kill the goblin!
Things that are here:
a +0 club; a goblin corpse
f - a sedimented yellow potion
There are no items here.
A rat comes into view.
Found a stone staircase leading down.
A rat is nearby!
You closely miss the rat. The rat misses you.
The rat bites you but does no damage.
You hit the rat.
The rat is moderately wounded.
The rat bites you.
You hit the rat.
You kill the rat!
There is a stone staircase leading down here.
A gnoll and a hobgoblin come into view.
The gnoll is wielding a +0 flail of protection.
The gnoll shouts!
The hobgoblin shouts!
A bat comes into view.
There is a stone staircase leading down here.
The gnoll hits you with a +0 flail of protection.
You barely miss the gnoll. The gnoll barely misses you. The gnoll misses you.
You barely miss the gnoll.
The gnoll hits you with a +0 flail of protection.
You completely miss the gnoll.
The gnoll hits you with a +0 flail of protection.
You closely miss the gnoll. The gnoll barely misses you.
You barely miss the gnoll.
The gnoll hits you with a +0 flail of protection.
The gnoll closely misses you.
You slash the gnoll!
The gnoll is severely wounded.
The gnoll hits you with a +0 flail of protection!
Ouch! That really hurt!
You die...

#..#.#......##.#####.
#..#.....#..##.#####.
#..#.#......##.......
#..#.#......)....####
#......#....####.#
####.#....### #.#
#.####.# #.# #.# #.#
#.. #@# #.# ###
########g# ...
#..g....g# ...
#.##.#.### #.##.#.#
#.##.#.# #.##.#.#
#g##g#.# #......#


You could see a gnoll and a hobgoblin.

Vanquished Creatures
  A bat (D:1)
  A goblin (D:1)
  A kobold (D:1)
  A rat (D:1)
4 creatures vanquished.

Notes
Turn   | Place    | Note
-------+----------+-------------------------------------------
     0 | D:1      | Dauddaud the Hill Orc Gladiator began the quest for the
                  | Orb.
     0 | D:1      | Reached XP level 1. HP: 18/18 MP: 1/1
   228 | D:1      | Slain by a gnoll

Illustrated notes

Levels and vault maps discovered:
D:1:      minmay_arrival_wavy_path, layout_loops_cross

Action                   || total
-------------------------++-------
Melee: War axe           ||    15
Armor: Leather armour    ||     1
Dodge: Dodged            ||     8

Table legend: (Time is in decaauts)
 A = Elapsed time spent in this place.
 B = Non-inter-level travel time spent in this place.
 C = Inter-level travel time spent in this place.
 D = Time resting spent in this place.
 E = Time spent auto-exploring this place.
 F = Levels seen in this place.
 G = Mean time per level.
                   A        B        C        D        E       F      G
               +--------+--------+--------+--------+--------+-----+--------+
         Total |    232 |    232 |      0 |      0 |    177 |   1 |  232.0 |
       Dungeon |    232 |    232 |      0 |      0 |    177 |   1 |  232.0 |
               +--------+--------+--------+--------+--------+-----+--------+

Top non-repeatable levels by time:
     D:1: 232 daAuts
